 Dungeon Sprint DCSS version bcrawl-1.21.2-1-g32d02e0829 (webtiles) character file.

Game seed: 12535012960680298060

78 MordorOrchid the Magician (level 4, 0/30 HPs)
             Began as a Fairy Enchanter on Feb 17, 2020.
             Succumbed to a scorpion's poison
             ... in the Dungeon (Sprint IX: "|||||||||||||||||||||||||||||").
             The game lasted 00:02:51 (109 turns).

MordorOrchid the Magician (Fairy Enchanter)          Turns: 109, Time: 00:02:51

Health: 0/30       AC:  4    Str:  6    XL:     4   Next: 36%
Magic:  1/13       EV: 18    Int: 19    God:
Gold:   0          SH:  4    Dex: 13    Spells: 5/14 levels left

rFire    . . .     SeeInvis .   a - +1 dagger
rCold    . . .     Gourm    .   (shield restricted)
rNeg     . . .     Faith    .   (armour unavailable)
rPois    .         Spirit   .   (no helmet)
rElec    .         Reflect  .   (no cloak)
rCorr    .         Harm     .   (no gloves)
MR       .....     NoTele   +   (no boots)
Stlth    +.........             (no amulet)
HPRegen  0.10/turn              (no ring)
MPRegen  0.13/turn              (no ring)

@: lethally poisoned (0 -> -4), berserk cooldown, flying evasively, very
slightly contaminated, invisible
A: small, magic attunement, unstealthy, unfitting armour, able to fly, AC/SH +4
a: Stop Flying


You were in the Dungeon.
You were not hungry.

You visited 1 branch

Inventory:

Hand Weapons
 a - a +1 dagger (weapon)
Scrolls
 c - a scroll of fog
 k - a scroll of blinking
Potions
 i - 2 potions of magic
Comestibles
 b - a chunk of flesh
 e - a ration {!d}


   Skills:
 * Level 2.3 Fighting
 * Level 2.8 Short Blades
 * Level 4.4 Dodging
 + Level 3.3 Stealth
 * Level 5.6 Spellcasting
 * Level 1.7 Conjurations
 + Level 4.3 Hexes
 * Level 1.8 Ice Magic


You had 5 spell levels left.
You knew the following spells:

 Your Spells              Type           Power        Failure   Level  Hunger
a - Corona                Hex            ###....      1%          1    None
b - Ensorcelled Hibernat  Hex/Ice        ###...       4%          2    None
c - Confuse               Hex            ###.....     6%          3    None
e - Dazzling Spray        Conj/Hex       ###...       10%         3    None

Your spell library contained the following spells:

 Spells                   Type           Power        Failure   Level  Hunger
 Tukima's Dance           Hex            ###.....     6%          3    None


Dungeon Overview and Level Annotations

Branches:
Dungeon (1/1)

Altars:


Innate Abilities, Weirdness & Mutations

Your spells do not cause hunger and MP costs are reduced by 1.
Your bright wings attract enemies. (Stealth-)
You cannot fit into any form of body armour.
Your shimmering scales are hard and can block incoming attacks. (AC +4, SH +4)
You are small and have problems with some larger weapons.
You can fly continuously.


Message History

You kill the scorpion!
Your Fighting skill increases to level 2!
Your Dodging skill increases to level 4!
Your Spellcasting skill increases to level 5!
Your Conjurations skill increases to level 1!
Your Ice Magic skill increases to level 1!
You have reached level 4!
You feel agile.
* * * LOW HITPOINT WARNING * * *
You feel sick.
Unknown command.
Okay, then.
Casting: Confuse (safe; 6% risk of failure)
Confirm with . or Enter, or press ? or * to list all spells.
You don't have enough magic to cast that spell.
Unknown command.
Unknown command.
You hit something. Something barely misses you.
You closely miss something.
You die... ▓▓▓▓▓▓▓▓▓▓▓▓▓▓▓▓▓▓ +....['.{@..)...<▓ ▓▓▓▓▓▓▓▓▓▓▓▓▓▓▓▓▓▓

There were no monsters in sight!

Vanquished Creatures
  A scorpion (D)
  A worker ant (D)
  A leopard gecko (D)
  An orc (D)
  A goblin (D)
  A hobgoblin (D)
  A kobold (D)
  A rat (D)
8 creatures vanquished.

Notes
Turn   | Place    | Note
-------+----------+-------------------------------------------
     0 | D        | MordorOrchid the Fairy Enchanter began the quest for the
                  | Orb.
     0 | D        | Reached XP level 1. HP: 11/11 MP: 6/6
    13 | D        | Reached skill level 3 in Spellcasting
    63 | D        | Noticed an orc wizard
    63 | D        | Noticed a sky beast
    63 | D        | Noticed a scorpion
    63 | D        | Noticed a worker ant
    76 | D        | Killed a worker ant
    76 | D        | Reached skill level 1 in Fighting
    76 | D        | Reached skill level 4 in Spellcasting
    76 | D        | Reached XP level 2. HP: 19/19 MP: 7/9
    76 | D        | Reached XP level 3. HP: 24/24 MP: 7/10
    87 | D        | Learned a level 3 spell: Confuse
    90 | D        | Learned a level 2 spell: Ensorcelled Hibernation
    94 | D        | Learned a level 3 spell: Dazzling Spray
   105 | D        | HP: 1/24 [poisoned by a scorpion]
   107 | D        | Killed a scorpion
   107 | D        | Reached skill level 5 in Spellcasting
   107 | D        | Reached skill level 1 in Conjurations
   107 | D        | Reached skill level 1 in Ice Magic
   107 | D        | Reached XP level 4. HP: 2/30 MP: 1/13
   109 | D        | Succumbed to a scorpion's poison

Skill      XL: |  1  2  3 |
---------------+----------+-----
Spellcasting   | 4 5 |  5.6
Dodging        | 3 4 |  4.4
Fighting       | 1 2 |  2.3
Short Blades   | 2 |  2.8
Stealth        | 3 |  3.3
Hexes          | 4 |  4.3
Conjurations   | 1 |  1.7
Ice Magic      | 1 |  1.8

Action                   |  1- 3 |  4- 6 || total
-------------------------+-------+-------++-------
Melee: Dagger            |    42 |     2 ||    44
 Cast: Corona            |     8 |       ||     8
       Confuse           |     3 |       ||     3
       Ensorcelled Hiber |     2 |       ||     2
  Use: Potion            |     5 |       ||     5
 Stab: Invisible         |     1 |       ||     1
       Sleeping          |     1 |       ||     1
Armor: Skin              |     3 |       ||     3
Dodge: Dodged            |    26 |     1 ||    27
Block: Other             |     6 |       ||     6
